 Dungeon Crawl Stone Soup version 0.19-a0-683-g5f2401d (webtiles) character file.

508033 Ijustatesigmund the Slayer (level 25, -6/175 HPs)
             Began as a Gargoyle Fighter on June 16, 2016.
             Was the Champion of Ashenzari.
             Mangled by a stone giant (22 damage)
             ... while paralysed by a sphinx
             ... on level 4 of the Vaults on June 17, 2016.
             The game lasted 05:01:03 (52854 turns).

Ijustatesigmund the Slayer (Gargoyle Fighter)      Turns: 52854, Time: 05:01:03

Health: -6/175     AC: 54    Str: 28    XL:     25   Next: 43%
Magic:  32/32      EV:  2    Int: 10    God:    Ashenzari [******]
Gold:   3278       SH:  0    Dex: 21    Spells: 5 memorised, 24 levels left

rFire  + . .     SeeInvis +     q - +5 demon whip (flame) (curse)
rCold  . . .     Gourm    .     L - +3 chain mail (curse)
rNeg   + . .     Faith    .     H - +5 shield {reflect} (curse)
rPois  ∞         Spirit   .     c - +2 hat of Boafau {rF+ Str+7} (curse)
rElec  +         Dismiss  .     J - +2 cloak {MR+}
rCorr  +         Reflect  +     n - +1 pair of gloves (curse)
SustAt .         Harm     .     s - +2 pair of boots {Stlth+} (curse)
MR     ++...     Clarity  +     t - amulet of regeneration (curse)
Stlth  +++++.....               r - ring "Etaosun" {rCorr Dex+5} (curse)
                                N - +4 ring of slaying (curse)

@: paralysed, studying Transmutations, repel missiles, drained, very resistant
to hostile enchantments, quite stealthy
A: big wings, horns 1, rough black scales 1, negative energy resistance 1, sense
surroundings 1, regeneration 1, electricity resistance, weak 1, unbreathing,
petrification resistance, rot immunity, AC +19
a: Fly, Curse Item, Scrying, Transfer Knowledge, Renounce Religion
}: 2/15 runes: decaying, gossamer


You were on level 4 of the Vaults.
You worshipped Ashenzari.
Ashenzari was exalted by your worship.
You were not hungry.

You visited 8 branches of the dungeon, and saw 41 of its levels.
You visited the Abyss 5 times.
You visited 1 ziggurat, and saw 10 of its levels.
You also visited: Labyrinth, Sewer and Ice Cave.

You collected 6073 gold pieces.
You spent 2795 gold pieces at shops.

Inventory:

Hand Weapons
 q - a cursed +5 demon whip of flaming (weapon)
Missiles
 y - 12 javelins
 I - 5 throwing nets (quivered)
Armour
 c - the cursed +2 hat of Boafau (worn) {rF+ Str+7}
   (You bought it in a shop on level 2 of the Orcish Mines)

   It affects your strength (+7).
   It protects you from fire.
   It has a curse placed upon it.
 e - a quicksilver dragon armour
 n - a cursed +1 pair of gloves (worn)
 s - a cursed +2 pair of boots of stealth (worn)
 w - a +0 gold dragon armour
 H - a cursed +5 shield of reflection (worn)
 J - a +2 cloak of magic resistance (worn)
 L - a cursed +3 chain mail (worn)
Jewellery
 g - an uncursed ring of protection from magic
 k - an uncursed ring of protection from fire
 r - the cursed ring "Etaosun" (right hand) {rCorr Dex+5}
   (You took it off a deep elf elementalist on level 3 of the Elven Halls)

   [ring of resist corrosion]

   It affects your dexterity (+5).
   It has a curse placed upon it.
 t - a cursed amulet of regeneration (around neck)
 N - a cursed +4 ring of slaying (left hand)
 Y - an uncursed amulet of the gourmand
Wands
 d - a wand of teleportation (5/9)
 v - a wand of enslavement (11/24)
 z - a wand of iceblast (4/15)
 D - a wand of lightning (3/15)
 E - a wand of confusion (23/48)
 K - a wand of acid (1/15)
 R - a wand of digging (13/24)
 V - a wand of heal wounds (9/9)
Scrolls
 i - 7 scrolls of fear
 l - 14 scrolls of identify
 A - 2 scrolls of teleportation
 B - 13 scrolls of immolation
 F - 7 scrolls of fog
 G - 2 scrolls of recharging
 M - 4 scrolls of magic mapping
 U - a scroll of silence
 X - 2 scrolls of blinking
Potions
 h - a potion of cure mutation
 m - 15 potions of curing
 p - a potion of resistance
 x - 8 potions of brilliance
 C - a potion of ambrosia
 O - 2 potions of berserk rage
 P - 3 potions of heal wounds
 Q - a potion of flight
 S - 2 potions of might
 T - 2 potions of magic
 W - 7 potions of cancellation
Books
 b - a manual of Transmutations
Miscellaneous
 a - 4 phantom mirrors
Comestibles
 f - 13 bread rations
 o - 34 meat rations


   Skills:
 - Level 22.7(22.3) Fighting
 - Level 14.6(18.3) Maces & Flails
 - Level 10.5(10.2) Throwing
 + Level 16.6(20.1) Armour
 - Level 14.2(13.9) Dodging
 + Level 17.1(16.8) Stealth
 - Level 12.6(15.0) Shields
 - Level 5.3(5.0) Spellcasting
 - Level 3.2(6.9) Conjurations
 - Level 3.4(7.1) Charms
 - Level 3.1(6.7) Summonings
 - Level 9.9(13.8) Translocations
 + Level 7.2(11.4) Transmutations
 - Level 3.0(6.6) Air Magic
 + Level 7.1(11.3) Earth Magic
 - Level 3.1(6.7) Poison Magic
 - Level 13.0(16.8) Evocations


You had 24 spell levels left.
You knew the following spells:

 Your Spells              Type           Power        Failure   Level  Hunger
a - Blink                 Tloc           N/A          1%          2    ##.....
b - Repel Missiles        Chrm/Air       ###...       8%          2    ##.....
c - Mephitic Cloud        Conj/Pois/Air  ###.....     12%         3    ###....
d - Summon Butterflies    Summ           ###.....     4%          1    None
e - Passwall              Tmut/Erth      ####......   1%          2    ##.....


Dungeon Overview and Level Annotations

Branches:
Dungeon (15/15)            Temple (0/1) D:4            Lair (6/6) D:9
  Swamp (4/4) Lair:4       Spider (4/4) Lair:3        Slime (0/5) Lair:5
    Orc (2/2) D:11            Elf (3/3) Orc:2        Vaults (5/5) D:14
  Crypt (0/3) Vaults:2     Depths (2/5) D:15

Altars:
Ashenzari
Cheibriados
Gozag
Makhleb
Nemelex Xobeh
Ru
Sif Muna
Trog
Zin
The Shining One
Beogh

Shops:
Orc:2 [[((   Elf:1 :   Elf:2 :   Vaults:2 !   Vaults:3 :   Vaults:4 %

Portals:
Hell: Depths:1 Depths:2
Trove: D:12 (give +3 shadow dragon armour)

Annotations:
Lair:4 exclusion: 4 oklob plants
Lair:5 exclusion: 4 oklob plants
Swamp:4 Bai Suzhen, Mara


Innate Abilities, Weirdness & Mutations

You are resistant to torment.
Your stone body is resilient. (AC +19)
You are immune to poison.
Your large and strong wings let you fly indefinitely.
You resist negative energy. (rN+)
You are resistant to electric shocks. (rElec)
You can survive without breathing.
You are immune to petrification.
You are immune to rotting.
You have a pair of small horns on your head.
You are partially covered in rough black scales. (AC +4, Dex -1)
You passively map a small area around you.
Your natural rate of healing is unusually fast.
You are weak. (Str -2)


Message History

The shadow dragon claws you but does no damage. x2
The war gargoyle hits you but does no damage.
The stone giant hits you!!
* * * LOW HITPOINT WARNING * * *
The shadow dragon bites you but does no damage.
The shadow dragon barely misses you.
The shadow dragon claws you but does no damage.
The sphinx hits you but does no damage. x3
The war gargoyle hits you but does no damage.
The shadow dragon bites you but does no damage.
The shadow dragon claws you but does no damage. x2
The stone giant hits you but does no damage.
The shadow dragon bites you but does no damage.
The shadow dragon claws you but does no damage. x2
The sphinx hits you but does no damage. x3
The war gargoyle hits you but does no damage.
The shadow dragon bites you but does no damage.
The shadow dragon claws you but does no damage. x2
The stone giant hits you!!
You die...

#......# #########... #......#
#...#...#... #......#
#..8#8..#... #......#
#..'.'..#... #......#
#..'.'..#.).
###############'######..'.'(.#...
........#............((.).'..'.(.
........'......)9C..(#..8#8..#.(.
........'.......@D...(...#...#.))
...)....#......D)H...#########.))
........#............# #...
........#............# #...
........#............# #...
........############## #...
######### ################...
#.......#../...#...
#.......#......#...


You could see 2 shadow dragons, a sphinx, a stone giant and a war gargoyle.

Vanquished Creatures
  2 pandemonium lords
  An ancient lich (Vaults:4)
  Xtahua (Vaults:4)
  2 Killer Klowns (Zig:7)
  Saint Roka (Elf:3)
  2 caustic shrikes (Depths:2)
  Arachne (Spider:2)
  Nikola (Swamp:2)
  5 golden dragons
  Jorgrun (Spider:4)
  A lich (Vaults:5)
  6 tentacled monstrosities
  2 deep elf master archers
  3 titans
  4 deep elf blademasters
  2 quicksilver dragons (Depths:2)
  Frances (Swamp:2)
  An Executioner (Depths:1)
  6 sphinxes
  An ancient champion (Vaults:2)
  5 shadow dragons
  2 thorn hunters
  5 tengu reavers
  The ghost of Zebura the Eternal Night, an adept DsGl of Dithmenos (Depths:1)
  A storm dragon (Vaults:5)
  Donald (Swamp:1)
  7 frost giants
  6 fire giants
  14 vault wardens
  6 deep elf sorcerers
  2 orc warlords
  Aizul (Elf:3)
  12 emperor scorpions
  A ghost moth (Spider:4)
  A cacodemon (Abyss:2)
  A juggernaut zombie (Depths:2)
  5 deep elf elementalists
  2 angels (Depths:1)
  An emperor scorpion (shapeshifter) (Zig:7)
  A reaper (Zig:3)
  A war gargoyle (Vaults:4)
  4 very ugly things
  20 stone giants
  13 ironheart preservers
  3 vampire knights
  Azrael (Spider:3)
  6 deep elf demonologists
  5 dire elephants (Lair:6)
  3 spark wasps
  10 deep elf annihilators
  2 lorocyprocas
  A green death (Abyss:2)
  12 ettins
  A fire dragon (Depths:2)
  10 deep elf death magi
  Josephine (Lair:5)
  A jiangshi (Depths:2)
  A minotaur (Lab)
  A crystal guardian (Vaults:2)
  5 deep elf high priests
  31 vault guards
  17 yaktaur captains
  5 entropy weavers
  8 great orbs of eyes
  14 hydras
  3 ice dragons
  4 rakshasas
  The ghost of tstbtto the Cleaver, a journeyman CeBe of Trog (Lair:4)
  A hell beast (Zig:10)
  20 ogre magi
  A catoblepas (Lair:4)
  A spriggan air mage (Depths:2)
  5 centaur warriors
  5 death knights
  2 ghost crabs
  30 dancing weapons
  3 anacondas
  13 death yaks
  6 deep troll earth magi
  A satyr (shapeshifter) (Vaults:4)
  An alligator (shapeshifter) (Zig:7)
  The ghost of tstbtto the Cleaver, a novice CeBe of Trog (D:8)
  3 spriggan berserkers
  2 vampire magi
  7 deep troll shamans
  A hell hog (shapeshifter) (Vaults:4)
  5 alligators
  20 deep elf knights
  An orc high priest (Elf:2)
  2 thrashing horrors (Abyss:2)
  16 deep trolls
  A shock serpent (Zig:4)
  A wretched star (Abyss:2)
  3 hell knights (Depths:2)
  4 iron trolls (Depths:1)
  6 shadow wraiths
  A spatial maelstrom (Abyss:2)
  5 unseen horrors
  4 flayed ghosts
  3 shambling mangroves
  A deep troll (shapeshifter) (Zig:9)
  8 large abominations
  4 swamp dragons
  17 harpies
  3 giant orange brains
  10 wizards
  A lindwurm (shapeshifter) (Depths:1)
  A naga ritualist (Zig:4)
  13 deep elf archers
  A wolf spider zombie (D:14)
  A lindwurm (Lair:5)
  An anubis guard (shapeshifter) (Vaults:4)
  3 hill giants (D:15)
  An orange crystal statue (Vaults:3)
  19 ironbrand convokers
  7 phantasmal warriors
  17 orc knights
  8 necromancers
  12 orb spiders
  67 deep elf magi
  3 oklob plants (Zig:7)
  2 orb spiders (shapeshifter)
  39 wolf spiders
  2 griffons
  A mana viper (Zig:4)
  A shining eye (shapeshifter) (Elf:1)
  4 orc sorcerers
  21 ugly things
  A manticore (D:14)
  3 cyclopes
  A tengu skeleton (Zig:3)
  4 worldbinders (Abyss:2)
  2 cyclopes (shapeshifter)
  13 hornets
  A salamander (Zig:4)
  A stone giant skeleton (Vaults:3)
  4 elephants (Lair:6)
  A sixfirhy (Zig:10)
  4 moths of wrath
  An octopode (shapeshifter) (Zig:6)
  2 smoke demons (Abyss:2)
  A torpor snail (shapeshifter) (Vaults:5)
  2 orange demons
  14 vault sentinels
  2 apocalypse crabs
  3 black mambas
  A rust devil (Depths:1)
  2 centaur skeletons
  19 spiny frogs
  4 torpor snails
  2 rime drakes (shapeshifter)
  11 demonic crawlers
  8 freezing wraiths
  A yaktaur (shapeshifter) (Depths:2)
  29 yaktaurs
  2 hellwings (Abyss:2)
  A redback zombie (Vaults:3)
  6 komodo dragons
  2 ancient zymes (Abyss:2)
  The ghost of hyperhazel the Skirmisher, an amateur DrHu (D:4)
  A queen bee (Lair:4)
  42 jumping spiders
  2 tengu conjurers (Depths:1)
  5 giant leeches
  3 meliai (Spider:3)
  2 raiju (Abyss:2)
  11 boulder beetles
  11 trolls
  22 two-headed ogres
  A two-headed ogre (shapeshifter) (Vaults:1)
  A minotaur skeleton (Lab)
  2 polar bears (shapeshifter)
  A tengu simulacrum (Vaults:4)
  5 bog bodies
  6 blink frogs
  2 trolls (shapeshifter)
  30 slime creatures
  Grinder (D:6)
  A human simulacrum (Vaults:3)
  A meliai zombie (D:9)
  A stone giant simulacrum (Abyss:2)
  A shadow (D:15)
  Sigmund (D:5)
  2 vampires
  6 spriggans
  6 air elementals
  36 tarantellas
  An ettin skeleton (Zig:3)
  77 redbacks
  7 wraiths
  4 wyverns
  2 water elementals
  36 yaks
  2 fire bats (Abyss:2)
  A hippogriff (shapeshifter) (Vaults:2)
  2 basilisks
  6 fire elementals
  A hog (shapeshifter) (D:13)
  A human (shapeshifter) (Vaults:1)
  19 humans (D:14)
  4 hungry ghosts
  3 chaos spawn
  40 vampire mosquitoes
  Edmund (D:5)
  11 wargs
  9 hippogriffs
  2 mottled dragons
  14 insubstantial wisps (Swamp:1)
  14 swamp worms
  3 hell hounds
  A giant eyeball (shapeshifter) (Vaults:4)
  2 soldier ants
  Duvessa (D:4)
  7 water moccasins
  A water moccasin (shapeshifter) (D:15)
  A hell hound (shapeshifter) (D:14)
  63 orc warriors
  A giant eyeball (Depths:1)
  3 black bears
  Purgy (D:4)
  5 porcupines
  2 ice beasts
  A swamp drake (shapeshifter) (Depths:2)
  An eye of draining (shapeshifter) (Elf:3)
  5 sky beasts
  7 swamp drakes
  A necrophage (D:9)
  14 wasps
  An ettin simulacrum (Vaults:3)
  An elf skeleton (Vaults:4)
  An eye of draining (D:6)
  69 ogres
  A phantom (D:10)
  5 boggarts (Depths:2)
  2 human skeletons
  7 wolves
  3 crocodiles
  6 small abominations
  8 centaurs
  3 big kobolds
  2 human zombies (Vaults:3)
  17 giant frogs
  8 earth elementals
  A gnoll sergeant (D:8)
  A glowing shapeshifter simulacrum (Vaults:3)
  Dowan (D:4)
  A wyvern zombie (D:11)
  36 scorpions
  A water moccasin skeleton (D:7)
  A troll skeleton (Lab)
  32 killer bees
  13 wights
  4 electric eels
  2 howler monkeys
  An elf simulacrum (Vaults:1)
  A centaur zombie (D:5)
  7 crimson imps
  5 hounds
  2 giant frog zombies
  9 jellies
  4 giant frog skeletons
  35 orc priests
  6 iguanas
  47 orc wizards
  14 worker ants
  2 hound skeletons
  2 worker ant zombies
  4 gnolls (D:8)
  3 howler monkey skeletons
  14 adders
  48 river rats
  6 shadow imps
  13 white imps
  An ooze (D:5)
  A spectral adder (D:9)
  An adder skeleton (D:9)
  An adder zombie (D:9)
  4 worms
  3 dart slugs
  9 giant geckos
  154 orcs
  4 giant cockroaches
  2 goblins
  A hobgoblin (D:3)
  16 jackals
  8 quokkas
  13 bats
  A giant cockroach zombie (D:4)
  6 giant newts
  A jackal zombie (D:6)
  25 kobolds
  8 rats
  3 briar patches (Swamp:1)
  2 crawling corpses (Elf:3)
  An eldritch tentacle segment (Zig:7)
  5 plants (Lair:6)
2195 creatures vanquished.

Vanquished Creatures (collateral kills)
  An ironheart preserver (Vaults:1)
  A slime creature (Depths:2)
  A deep troll (Vaults:1)
  A wolf spider (Spider:1)
  A jumping spider (Spider:1)
  A redback (Spider:4)
6 creatures vanquished.

Vanquished Creatures (others)
  2 deep elf master archers
  An eldritch tentacle (Zig:7)
  A shadow dragon (Vaults:5)
  A tengu reaver (Depths:1)
  A draconian monk (Depths:2)
  A vault warden (Vaults:3)
  An emperor scorpion (Spider:1)
  A very ugly thing (Depths:2)
  A deep elf elementalist (Elf:3)
  An ironheart preserver (Vaults:4)
  A war gargoyle (Vaults:5)
  2 stone giants
  A deep elf annihilator (Elf:3)
  A deep elf high priest (Zig:9)
  3 hydras (Swamp:4)
  A centaur warrior (Depths:2)
  A deep troll shaman (Vaults:1)
  A shock serpent (shapeshifter) (Zig:6)
  2 deep elf knights
  2 hornets
  An ironbrand convoker (Vaults:2)
  A lindwurm (shapeshifter) (Zig:5)
  A deep elf archer (Vaults:5)
  2 deep elf magi
  A wolf spider (Spider:4)
  An orb spider (Zig:8)
  3 yaktaurs
  2 demonic crawlers
  2 redbacks
  A yak (IceCv)
  4 insubstantial wisps (Swamp:4)
  2 swamp drakes (Swamp:4)
  3 wasps (Swamp:4)
  An ogre (Depths:1)
  A centaur (D:15)
  2 wolves (IceCv)
  7 orcs
  A crawling corpse (Elf:3)
  98 eldritch tentacle segments (Zig:7)
  11 fungi
  17 plants
188 creatures vanquished.

Grand Total: 2389 creatures vanquished

Notes
Turn   | Place    | Note
--------------------------------------------------------------
     0 | D:1      | Ijustatesigmund the Gargoyle Fighter began the quest for the Orb.
     0 | D:1      | Reached XP level 1. HP: 14/14 MP: 1/1
   183 | D:1      | Reached XP level 2. HP: 19/19 MP: 2/2
   647 | D:3      | Found a shattered altar of Ashenzari.
   648 | D:3      | Found a sacrificial altar of Ru.
   650 | D:3      | Became a worshipper of Ashenzari the Shackled
   677 | D:3      | Reached XP level 3. HP: 16/24 MP: 3/3
   781 | D:3      | Found a glowing drain.
   785 | Sewer    | Entered a sewer
   790 | Sewer    | Reached skill level 4 in Fighting
   799 | Sewer    | Reached XP level 4. HP: 20/29 MP: 4/4
   945 | Sewer    | Noticed a big kobold
   971 | Sewer    | Killed a big kobold
   971 | Sewer    | Reached XP level 5. HP: 32/34 MP: 5/5
  1032 | Sewer    | Found a white marble altar of Elyvilon.
  1431 | D:3      | Reached skill level 5 in Maces & Flails
  1765 | D:2      | Reached XP level 6. HP: 39/40 MP: 6/6
  2070 | D:2      | Reached skill level 5 in Fighting
  2132 | D:2      | Found an opulent altar of Gozag.
  2970 | D:4      | Noticed Duvessa
  3056 | D:5      | Entered Level 5 of the Dungeon
  3192 | D:5      | Reached * piety under Ashenzari
  3203 | D:5      | Noticed an ice beast
  3209 | D:5      | Killed an ice beast
  3209 | D:5      | Reached XP level 7. HP: 26/44 MP: 7/7
  3343 | D:5      | Noticed Sigmund
  3384 | D:5      | Killed Sigmund
  3476 | D:5      | Reached skill level 6 in Fighting
  3768 | D:5      | Got the cursed great mace "Iwa Quk" {crush, Int+2}
  3800 | D:5      | Reached XP level 8. HP: 51/51 MP: 8/8
  3831 | D:5      | Reached skill level 5 in Armour
  4036 | D:5      | Reached skill level 5 in Shields
  4414 | D:4      | Found a staircase to the Ecumenical Temple.
  4416 | D:4      | Noticed hyperhazel's ghost (amateur DrHu)
  4430 | D:4      | Killed hyperhazel's ghost
  4430 | D:4      | Reached skill level 7 in Fighting
  4584 | D:4      | Noticed Purgy
  4594 | D:4      | Killed Purgy
  4667 | D:4      | Noticed Dowan
  4676 | D:4      | Noticed Edmund
  4723 | D:5      | Killed Edmund
  4723 | D:5      | Reached XP level 9. HP: 55/57 MP: 9/9
  4744 | D:4      | Killed Duvessa
  4771 | D:4      | Killed Dowan
  5280 | D:6      | Noticed Grinder
  5380 | D:6      | Killed Grinder
  5408 | D:6      | Reached ** piety under Ashenzari
  5493 | D:6      | Reached skill level 8 in Fighting
  5568 | D:6      | Found a deep blue altar of Sif Muna.
  5576 | D:6      | Found a bloodstained altar of Trog.
  5576 | D:6      | Found a glowing silver altar of Zin.
  5576 | D:6      | Found a burning altar of Makhleb.
  5579 | D:6      | Found a glowing golden altar of the Shining One.
  5579 | D:6      | Found a sparkling altar of Nemelex Xobeh.
  5660 | D:6      | Gained mutation: You have a pair of small horns on your head. [potion of mutation]
  5660 | D:6      | Gained mutation: Your large and strong wings let you fly indefinitely. [potion of mutation]
  6071 | D:7      | Reached XP level 10. HP: 65/65 MP: 10/10
  6243 | D:7      | Reached skill level 9 in Fighting
  6555 | D:8      | Reached skill level 1 in Throwing
  6766 | D:8      | Noticed tstbtto's ghost (novice CeBe)
  6783 | D:8      | Killed tstbtto's ghost
  7168 | D:8      | Reached skill level 10 in Fighting
  8174 | D:9      | Found a staircase to the Lair.
  8194 | D:9      | Reached skill level 10 in Maces & Flails
  8233 | D:9      | Reached *** piety under Ashenzari
  8403 | D:10     | Entered Level 10 of the Dungeon
  8408 | D:10     | Reached skill level 1 in Dodging
  8425 | D:10     | Reached XP level 11. HP: 67/73 MP: 11/11
  8946 | D:11     | Found a labyrinth entrance.
  8954 | Lab      | Entered a labyrinth
  9747 | Lab      | Noticed a minotaur
  9758 | Lab      | Killed a minotaur
  9758 | Lab      | Reached skill level 5 in Dodging
  9767 | Lab      | Identified the Catalogue of Cankerous Dark Rituals
  9949 | D:11     | Found a staircase to the Orcish Mines.
 11013 | D:12     | Noticed a five-headed hydra
 11023 | D:12     | Killed a five-headed hydra
 11023 | D:12     | Reached XP level 12. HP: 39/79 MP: 12/12
 11076 | D:12     | Found a frozen archway.
 11116 | IceCv    | Entered an ice cave
 11116 | IceCv    | Reached **** piety under Ashenzari
 11410 | D:12     | Reached skill level 11 in Fighting
 11563 | D:12     | Found a portal to a secret trove of treasure.
 12191 | D:12     | Reached skill level 12 in Fighting
 12493 | D:13     | Reached skill level 1 in Stealth
 12709 | D:13     | Reached ***** piety under Ashenzari
 12797 | D:14     | Found a gate to the Vaults.
 12797 | D:14     | Noticed a vault guard
 12889 | D:14     | Reached skill level 5 in Stealth
 13105 | Lair:1   | Entered Level 1 of the Lair of Beasts
 13579 | Lair:1   | Learned a level 2 spell: Blink
 13591 | Lair:1   | Reached XP level 13. HP: 87/87 MP: 13/13
 13717 | Lair:2   | Reached skill level 1 in Translocations
 13853 | Lair:2   | Reached skill level 13 in Fighting
 15126 | Lair:3   | Found a hole to the Spider Nest.
 15607 | Lair:4   | Noticed tstbtto's ghost (journeyman CeBe)
 15647 | Lair:4   | Killed tstbtto's ghost
 15755 | Lair:4   | Reached skill level 5 in Translocations
 15840 | Lair:4   | Reached ****** piety under Ashenzari
 16047 | Lair:4   | Found a staircase to the Swamp.
 16497 | Lair:5   | Reached skill level 14 in Fighting
 16537 | Lair:4   | Reached skill level 1 in Evocations
 16583 | Lair:5   | Mutation became permanent: Your large and strong wings let you fly indefinitely. [Gargoyle growth]
 16583 | Lair:5   | Reached XP level 14. HP: 77/96 MP: 13/15
 16615 | Lair:5   | Noticed Josephine
 16661 | Lair:5   | Killed Josephine
 17163 | Lair:6   | Entered Level 6 of the Lair of Beasts
 17407 | Lair:6   | Reached skill level 15 in Fighting
 17982 | Lair:6   | Noticed a dire elephant
 17996 | Lair:6   | Killed a dire elephant
 18021 | Lair:6   | Noticed a dire elephant
 18021 | Lair:6   | Noticed a dire elephant
 18022 | Lair:6   | Identified the +10 shortbow of Raimuwki {flame, rElec rPois rC++ Int-4}
 18238 | Lair:6   | Killed a dire elephant
 18279 | Lair:6   | Killed a dire elephant
 18390 | Lair:6   | Noticed a dire elephant
 18408 | Lair:6   | Killed a dire elephant
 18463 | Lair:6   | Noticed a dire elephant
 18486 | Lair:6   | Killed a dire elephant
 18598 | Swamp:1  | Entered Level 1 of the Swamp
 18789 | Swamp:1  | Noticed Donald
 18954 | Lair:1   | Learned a level 2 spell: Repel Missiles
 19088 | Swamp:1  | Reached skill level 16 in Fighting
 19110 | Swamp:1  | Killed Donald
 19110 | Swamp:1  | Reached skill level 1 in Charms
 19110 | Swamp:1  | Reached skill level 1 in Air Magic
 19110 | Swamp:1  | Reached XP level 15. HP: 57/104 MP: 13/16
 19116 | Swamp:1  | Noticed a thorn hunter
 19147 | Swamp:1  | Killed a thorn hunter
 19956 | Swamp:2  | Noticed a thorn hunter
 19976 | Swamp:2  | Killed a thorn hunter
 20179 | Swamp:2  | Reached skill level 10 in Shields
 20208 | Swamp:2  | Reached skill level 10 in Armour
 20577 | Swamp:2  | Noticed Frances
 20590 | Swamp:2  | Killed Frances
 20592 | Swamp:2  | Noticed Nikola
 20604 | Swamp:2  | Killed Nikola
 20762 | Swamp:2  | Gained mutation: You evolve. [potion of beneficial mutation]
 21410 | Swamp:2  | Gained mutation: Your natural rate of healing is unusually fast. [evolution]
 22007 | Swamp:3  | Found a deep blue altar of Sif Muna.
 22176 | Swamp:4  | Entered Level 4 of the Swamp
 22176 | Swamp:4  | Noticed a tentacled monstrosity
 22188 | Swamp:4  | Killed a tentacled monstrosity
 22188 | Swamp:4  | Reached XP level 16. HP: 60/111 MP: 14/17
 22205 | Swamp:4  | Noticed Mara
 22434 | Swamp:4  | Noticed Ijustatesigmund's illusion
 22448 | Swamp:4  | Noticed Bai Suzhen
 22646 | Swamp:4  | Got a decaying rune of Zot
 23208 | D:14     | Gained mutation: Your mind is acute. (Int +2) [evolution]
 23355 | D:14     | Reached skill level 5 in Throwing
 23803 | D:14     | Cast into level 2 of the Abyss (a wizard)
 23803 | Abyss:2  | Found a corrupted altar of Lugonu.
 23876 | D:14     | Escaped the Abyss
 23929 | D:14     | Cast into level 2 of the Abyss (a wizard)
 24650 | Abyss:2  | Identified the +5 triple sword of the Abyss {drain, *Rage rN+ MP+9}
 24655 | Abyss:2  | Found a basalt altar of Yredelemnul.
 24742 | Abyss:2  | Noticed a tentacled starspawn
 24957 | Abyss:2  | Gained mutation: Scrolls take you a little longer to read. [a cacodemon]
 24963 | Abyss:2  | Gained mutation: You often lose your temper in combat. [a cacodemon]
 24966 | Abyss:2  | Gained mutation: You are very weak. (Str -4) [a cacodemon]
 25058 | D:14     | Escaped the Abyss
 25067 | D:14     | Lost mutation: You are weak. (Str -2) [potion of cure mutation]
 25067 | D:14     | Lost mutation: Scrolls take you a little longer to read. [potion of cure mutation]
 25067 | D:14     | Lost mutation: You evolve. [potion of cure mutation]
 25067 | D:14     | Lost mutation: Your mind is acute. (Int +2) [potion of cure mutation]
 25067 | D:14     | Lost mutation: You tend to lose your temper in combat. [potion of cure mutation]
 25130 | Vaults:1 | Entered Level 1 of the Vaults
 25765 | Vaults:1 | Reached skill level 10 in Stealth
 26010 | Vaults:1 | Gained mutation: You passively map a small area around you. [potion of beneficial mutation]
 26366 | Vaults:1 | Reached XP level 17. HP: 107/116 MP: 18/18
 26487 | Vaults:2 | Learned a level 3 spell: Ozocubu's Armour
 26750 | Vaults:2 | Found Quydari's Distillery.
 26753 | Vaults:2 | Bought a potion of haste for 180 gold pieces
 26753 | Vaults:2 | Bought a potion of agility for 72 gold pieces
 26753 | Vaults:2 | Bought 2 potions of curing for 108 gold pieces
 26753 | Vaults:2 | Bought a potion of agility for 72 gold pieces
 26950 | Vaults:2 | Found a staircase to the Crypt.
 26951 | Vaults:2 | Noticed an ancient champion
 26966 | Vaults:2 | Killed an ancient champion
 26986 | Vaults:2 | Paralysed by a vampire knight for 3 turns
 27140 | Vaults:2 | Identified the +3 ring mail of Johoz {*Contam rElec Int+2 Dex+5} (You found it on level 4 of the Lair of Beasts)
 27453 | Vaults:2 | Cast into level 2 of the Abyss (an ogre mage)
 27482 | Abyss:2  | Identified the Guide on Dusty Venom
 27595 | Abyss:2  | Found a corrupted altar of Lugonu.
 27614 | Abyss:2  | Noticed a bone dragon
 27634 | Abyss:2  | Gained mutation: You are weak. (Str -2) [a neqoxec]
 27942 | Abyss:2  | Found a corrupted altar of Lugonu.
 28229 | Vaults:2 | Escaped the Abyss
 28989 | Vaults:2 | Reached XP level 18. HP: 98/121 MP: 19/19
 29647 | Vaults:3 | Paralysed by a great orb of eyes for 7 turns
 31214 | Vaults:3 | Found Soesch's Book Emporium.
 31609 | Vaults:4 | Noticed Xtahua
 31618 | Vaults:4 | Paralysed by Xtahua for 2 turns
 31628 | Vaults:4 | Killed Xtahua
 31638 | Vaults:4 | Found Sairgh's Food Emporium.
 32355 | Vaults:4 | Reached skill level 17 in Fighting
 32365 | Vaults:4 | Reached XP level 19. HP: 50/128 MP: 20/20
 33783 | Vaults:4 | Reached skill level 18 in Fighting
 34289 | Vaults:4 | Reached skill level 15 in Armour
 34660 | D:15     | Entered Level 15 of the Dungeon
 34820 | D:15     | Identified a scroll of acquirement
 34937 | D:15     | Found a staircase to the Depths.
 35543 | Depths:1 | Entered Level 1 of the Depths
 35607 | Depths:1 | Reached XP level 20. HP: 75/137 MP: 21/21
 35646 | Depths:1 | Reached skill level 15 in Stealth
 35710 | Depths:1 | Noticed Zebura's ghost (adept DsGl)
 35948 | Depths:1 | Cast into level 2 of the Abyss (a wizard)
 35962 | Depths:1 | Escaped the Abyss
 36403 | Lair:1   | Learned a level 3 spell: Mephitic Cloud
 36486 | Orc:1    | Entered Level 1 of the Orcish Mines
 36732 | Orc:1    | Reached skill level 1 in Conjurations
 36736 | Orc:1    | Reached skill level 1 in Poison Magic
 37162 | Orc:2    | Entered Level 2 of the Orcish Mines
 37298 | Orc:2    | Found a roughly hewn altar of Beogh.
 37300 | Orc:2    | Found Yjitt's Weapon Boutique.
 37374 | Orc:2    | Found a staircase to the Elven Halls.
 37456 | Orc:2    | Found a roughly hewn altar of Beogh.
 37492 | Orc:2    | Found a roughly hewn altar of Beogh.
 37532 | Orc:2    | Found a roughly hewn altar of Beogh.
 37622 | Orc:2    | Found a roughly hewn altar of Beogh.
 37684 | Orc:2    | Found a roughly hewn altar of Beogh.
 37701 | Orc:2    | Found Riba Gai's Armour Shop.
 37712 | Orc:2    | Bought the +2 hat of Boafau {rF+ Str+7} for 597 gold pieces
 38026 | Orc:2    | Found Fuang's Antique Armour Emporium.
 38030 | Orc:2    | Found Orohuic's Antique Weapon Shoppe.
 38042 | Orc:2    | Found a roughly hewn altar of Beogh.
 38194 | Elf:1    | Entered Level 1 of the Elven Halls
 38491 | Elf:1    | Found Xofyeg's Book Shoppe.
 38664 | Elf:1    | Noticed a Brimstone Fiend
 38696 | Elf:1    | Reached skill level 10 in Dodging
 38718 | Elf:1    | Identified Sif Muna's Disquisition on Summoning
 38721 | Elf:1    | Learned a level 1 spell: Summon Butterflies
 38815 | Elf:1    | Reached skill level 1 in Summonings
 39513 | Elf:2    | Found a runed gate.
 39513 | Elf:2    | Found a runed gate.
 39513 | Elf:2    | Found a runed gate.
 39800 | Elf:2    | Found Unac's Book Emporium.
 39808 | Elf:2    | Bought a manual of Fighting for 1766 gold pieces
 40108 | Elf:2    | Reached skill level 19 in Fighting
 40435 | Elf:2    | Reached skill level 20 in Fighting
 40574 | Elf:3    | Entered Level 3 of the Elven Halls
 40592 | Elf:3    | Noticed Aizul
 40606 | Elf:3    | Killed Aizul
 40720 | Elf:3    | Reached XP level 21. HP: 140/147 MP: 22/22
 40891 | Elf:3    | Noticed Saint Roka
 41098 | Elf:3    | Killed Saint Roka
 41227 | Elf:3    | Reached skill level 21 in Fighting
 41228 | Elf:3    | Identified the cursed +1 ring mail of Ixaar {Dex+3}
 41235 | Elf:3    | Identified the ring of Arrival {*Corrode rPois rN+++ MR- Stlth-}
 41275 | Elf:3    | Cast into level 3 of the Abyss (a deep elf demonologist)
 41284 | Elf:3    | Escaped the Abyss
 41560 | Elf:3    | Reached skill level 22 in Fighting
 41598 | Elf:3    | Identified the ring "Etaosun" {rCorr Dex+5} (You took it off a deep elf elementalist on level 3 of the Elven Halls)
 42069 | Elf:3    | Found a deep blue altar of Sif Muna.
 42461 | Spider:1 | Entered Level 1 of the Spider Nest
 43341 | Spider:2 | Noticed Arachne
 43395 | Spider:2 | Killed Arachne
 43801 | Spider:3 | Noticed Azrael
 43823 | Spider:3 | Killed Azrael
 43870 | Spider:3 | Upgraded the game from 0.19-a0-675-gf8984cf to 0.19-a0-683-g5f2401d
 43882 | Spider:3 | Reached XP level 22. HP: 158/158 MP: 23/23
 44675 | Spider:4 | Entered Level 4 of the Spider Nest
 45134 | Spider:4 | Noticed Jorgrun
 45150 | Spider:4 | Killed Jorgrun
 45604 | Spider:4 | Got a gossamer rune of Zot
 46591 | Depths:1 | Killed Zebura's ghost
 46615 | Depths:1 | Paralysed by a giant eyeball for 3 turns
 47025 | Depths:1 | Found a gateway to a ziggurat.
 47119 | Depths:1 | Found a snail-covered altar of Cheibriados.
 47202 | Depths:1 | Found a gateway to Hell.
 47284 | Depths:1 | Identified the +4 hunting sling of Honour {venom, *Confuse MR+++ Int+8 Dex-3}
 47456 | Depths:1 | Identified the +3 robe "Sijaubli" {rElec Str-5 Dex+5} (You took it off a spriggan berserker on level 1 of the Depths)
 47660 | Depths:2 | Noticed a golden dragon
 47674 | Depths:2 | Noticed a caustic shrike
 47680 | Depths:2 | Paralysed by a vampire knight for 3 turns
 47766 | Depths:2 | Identified the amulet "Pamonn" {RegenMP rPois rN++ MR+ Dex-3} (You took it off a boggart on level 2 of the Depths)
 47779 | Depths:2 | Reached skill level 10 in Throwing
 47797 | Depths:2 | Reached XP level 23. HP: 76/164 MP: 24/24
 47943 | Depths:2 | Killed a caustic shrike
 48184 | Depths:2 | Noticed a caustic shrike
 48194 | Depths:2 | Killed a caustic shrike
 48194 | Depths:2 | Reached skill level 5 in Evocations
 48198 | Depths:2 | Noticed a golden dragon
 48223 | Depths:2 | Killed a golden dragon
 48357 | Depths:2 | Identified the +4 trident "Ekithieho" {freeze, rElec rPois rF+ Str-3} (You took it off a centaur warrior on level 2 of the Depths)
 48392 | Depths:2 | Killed a golden dragon
 48746 | Depths:2 | Identified the ring "Sac Cea" {Ice +Blink Str+2} (You took it off a necromancer on level 2 of the Depths)
 48987 | Depths:2 | Gained mutation: You are partially covered in rough black scales. (AC +4, Dex -1) [potion of beneficial mutation]
 48992 | Depths:2 | Identified the amulet "Dyckedda" {Faith Str+2 Dex+3}
 49035 | Depths:2 | Identified the +10 hand axe of the Inquisitive Curses {chop, MP+9} (You found it on level 3 of the Elven Halls)
 49035 | Depths:2 | Identified the +6 hand crossbow "Demonbane" {venom, *Contam rF+++ rC- rN+++}
 49035 | Depths:2 | Identified the cursed +0 lajatang of Burosk {speed, Int+3}
 49110 | Zig:1    | Entered Level 1 of a ziggurat
 49110 | Zig:1    | Noticed Tefe the pandemonium lord
 49127 | Zig:1    | Paralysed by a giant eyeball for 2 turns
 49132 | Zig:1    | Killed Tefe the pandemonium lord
 49132 | Zig:1    | Reached skill level 10 in Evocations
 49229 | Zig:2    | Entered Level 2 of a ziggurat
 49253 | Zig:3    | Entered Level 3 of a ziggurat
 49286 | Zig:3    | Identified Sif Muna's Grimoire of Unstable Contamination
 49290 | Zig:3    | Learned a level 2 spell: Passwall
 49310 | Zig:4    | Entered Level 4 of a ziggurat
 49310 | Zig:4    | Identified the +7 quarterstaff of Terra Nullius {elec, Int+4}
 49369 | Zig:5    | Entered Level 5 of a ziggurat
 49369 | Zig:5    | Identified the +3 robe of Leapfrog {rN+ rCorr Int+4}
 49418 | Zig:5    | Identified the Almanac of Entrancing Translocation
 49425 | Zig:6    | Entered Level 6 of a ziggurat
 49425 | Zig:6    | Identified the ring of Zitinum {Int+5 Stlth-}
 49508 | Zig:6    | Identified the Collected Works on Protection and Evil
 49530 | Zig:7    | Entered Level 7 of a ziggurat
 49536 | Zig:7    | Noticed Hagiol the pandemonium lord
 49538 | Zig:7    | Noticed a Killer Klown
 49539 | Zig:7    | Noticed a Killer Klown
 49573 | Zig:7    | Killed Hagiol the pandemonium lord
 49598 | Zig:7    | Killed a Killer Klown
 49611 | Zig:7    | Reached XP level 24. HP: 113/169 MP: 30/31
 49632 | Zig:7    | Killed a Killer Klown
 49694 | Zig:8    | Entered Level 8 of a ziggurat
 49707 | Zig:8    | Identified the +2 halberd "Demonslayer" {chop, rElec rPois rF++ Int-5}
 49775 | Zig:8    | Identified Ugeatud's Compendium of Arcane Weapons
 49794 | Zig:9    | Entered Level 9 of a ziggurat
 49801 | Zig:9    | Identified the +9 dagger of Prudence {speed, Str-2 Int+8}
 49802 | Zig:9    | Identified the +3 storm dragon armour of the Hells {rElec rPois rCorr Int+2}
 49826 | Zig:9    | Reached skill level 1 in Spellcasting
 50024 | Zig:10   | Entered Level 10 of a ziggurat
 50051 | Zig:10   | Noticed Lukhewor the pandemonium lord
 50057 | Zig:10   | Identified the cursed +1 mace "Beastbane" {vamp, *Drain Str+5 Int+2}
 50665 | Vaults:5 | Entered Level 5 of the Vaults
 50695 | Vaults:5 | Reached skill level 5 in Spellcasting
 50845 | Vaults:5 | Identified the +7 long sword of Woladiof {antimagic, *Corrode rElec rPois Dex-5} (You took it off a vault warden on level 5 of the Vaults)
 51081 | Vaults:5 | Identified the cursed +1 leather armour of Tiri Boom {rC+ rCorr Str+7 Dex-4}
 51082 | Vaults:5 | Identified the +5 halberd of Triumph {flame, rN+}
 51142 | Vaults:5 | Reached skill level 1 in Transmutations
 51159 | Vaults:5 | Reached skill level 1 in Earth Magic
 51748 | Vaults:4 | Reached XP level 25. HP: 175/175 MP: 32/32
 51803 | Vaults:4 | Reached skill level 5 in Transmutations
 51892 | Vaults:4 | Reached skill level 5 in Earth Magic
 52224 | Vaults:5 | Noticed an ancient lich
 52343 | Vaults:4 | Killed an ancient lich
 52440 | Vaults:4 | Identified the cursed +1 plate armour of Vitz {*Drain rF+ Str+3} (You took it off a death knight on level 4 of the Vaults)
 52839 | Vaults:4 | Identified the amulet of Kophel {Reflect +Inv rElec rPois MR++ SH+3} (You took it off a fire giant on level 4 of the Vaults)
 52847 | Vaults:4 | Paralysed by a sphinx for 7 turns
 52854 | Vaults:4 | Mangled by a stone giant

Vault maps used:
D:1:      zelgadis_glass_arrival_small
D:2:      kennysheep_crisscross, nicolae_gozag_cash_rules_everything_around_me
D:3:      grunt_temple_overflow_open, gup_sewer_entry_bowl, minmay_box_of_dots
D:4:      minmay_temple_entry_statues, first_bread, uniq_edmund, uniq_duvessa,
          uniq_purgy
D:5:      hex_large, uniq_sigmund
D:6:      minitemple, uniq_grinder
D:7:      grunt_ogre_cave
D:8:      wad_woods_pond
D:9:      erik_lair_orcish_takeover, hangedman_weighted_door
D:11:     hiddenorc2_lemuel, lab_entry_generic
D:12:     nicolae_trove_entry_crossroad, portal_ice_cave_entry_imps,
          serial_park_tiny_pond, serial_bayou_lake_a
D:14:     grunt_vaults_entry_tiered, dk_noncrumbling_3, hangedman_decor_push,
          lemuel_flame_loot_1
D:15:     hangedman_depths_entry_civil_slaughter, hangedman_decor_lopped
Lair:1:   nicolae_quartered_pool_super
Lair:3:   spider_nest_entry_webs, minivault_27, grunt_megastairs_1
Lair:4:   minmay_swamp_entry_worms, st_stairs_13, dpeg_oklob_1
Lair:5:   beast_lair_carwin_large_4, minmay_slime_entry_oklob_open,
          uniq_josephine
Lair:6:   due_jungle_book, lemuel_fruit_fields
Swamp:1:  hangedman_swamp_pad, uniq_donald
Swamp:2:  evilmike_swamp_ruin_rubble_2, uniq_nikola, uniq_frances
Swamp:3:  nicolae_swamp_godswood, infiniplex_staircase_pool
Swamp:4:  swamp, swamp_pool1, uniq_mara, uniq_bai_suzhen
Spider:1: spiders_nest_a
Spider:2: uniq_arachne
Spider:3: uniq_azrael
Spider:4: grunt_spider_rune_circles, uniq_jorgrun
Orc:1:    rock_pile
Orc:2:    grunt_orc_community_town_hall, grunt_orc_community_big_house_1,
          grunt_orc_community_big_house_2, grunt_orc_community_house_1,
          grunt_orc_community_house_1, grunt_orc_community_house_1,
          grunt_orc_community_house_1, abandoned_shop, mines_bat_river
Elf:1:    eino_elf_arrival_shootout, serial_shops, nicolae_shop_stone,
          minmay_elf_demonology
Elf:2:    serial_shops, nicolae_shop_stone, lemuel_flamethrower_hall
Elf:3:    elf_hall_gauntlet_wide, hangedman_elven_ridges, lemuel_blue_sif_altar,
          uniq_saint_roka, uniq_aizul
Vaults:1: v_misc_25, nicolae_vaults_back_hallway, vaults_dpeg_spiral,
          ontoclasm_vaults_decontamination, hangedman_vaults_stitches,
          grunt_vaults_hallway_short
Vaults:2: v_rooms_3, grunt_vaults_hallway_long, vaults_room_door_ring,
          grunt_vaults_diagonal, minmay_crypt_entry_simple_round,
          nicolae_vaults_little_squares_4, nicolae_vaults_network_star,
          hangedman_vaults_nails, hangedman_vaults_corner_blocks,
          hangedman_vaults_maws, v_misc_33, nicolae_vaults_what_the_h,
          nicolae_vaults_ring_of_whatevers, ontoclasm_vaults_twist,
          ontoclasm_vaults_misaligned, serial_shops, nicolae_shop_behind_doors
Vaults:3: v_misc_15, nicolae_vaults_little_squares_5,
          nicolae_vaults_diagonal_hallway_8, vaults_room_pool, v_rooms_1,
          v_misc_16, hangedman_vaults_corner, v_misc_8,
          nicolae_vaults_little_squares_6, v_misc_28,
          hangedman_vaults_stretched_pinwheel, nicolae_vaults_statue_guard,
          nicolae_vaults_windows_and_doors_thing,
          nicolae_vaults_mini_display_case, vaults_dpeg_ring, serial_shops,
          nicolae_shop_trees
Vaults:4: hangedman_vaults_impose, v_misc_31, v_misc_18, v_rooms_2,
          grunt_vaults_focal, hangedman_vaults_trim, st_quartered_hall,
          v_misc_3, ontoclasm_vaults_gateway, v_misc_5, ontoclasm_vaults_pinch,
          vaults_dpeg_hooks, serial_shops, nicolae_shop_waterfront, uniq_xtahua
Vaults:5: serial_shops
Depths:1: enter_ziggurat_c, lemuel_round_altar, grunt_hell_entry_dis_old,
          st_stairs_12, eino_tiny_chamber, minmay_misc_feat_alley,
          lemuel_jelly_drop
Depths:2: hangedman_pleasuredromes, hell_entry
Abyss:2:  hangedman_stitches_earthworm, evilmike_abyss_exit_16
Zig:7:    ziggurat_pillar_centre_oklobs
Zig:10:   ziggurat_pillar_centre_smoke
Lab:      labyrinth_watery, lab_block, nicolae_lab_lava, lab_hedge
Sewer:    sewer_kobolds
IceCv:    ice_cave_caverns_02

Skill      XL: |  1  2  3  4  5  6  7  8  9 10 11 12 13 14 15 16 17 18 19 20 21 22 23 24 25 |
---------------+----------------------------------------------------------------------------+-----
Maces & Flails | 3 4 5 6 7 8 10 12 13 14 | 14.6
Fighting       | 4 5 6 7 8 10 12 14 16 17 18 20 22 | 22.7
Armour         | 4 6 7 9 11 13 15 16 | 16.6
Shields        | 4 6 7 9 10 12 | 12.6
Throwing       | 2 8 10 | 10.5
Dodging        | 2 5 7 8 10 12 14 | 14.2
Stealth        | 7 11 12 13 14 15 16 17 | 17.1
Translocations | 5 9 |  9.9
Evocations     | 1 2 11 13 | 13.0
Charms         | 1 3 |  3.4
Air Magic      | 1 3 |  3.0
Conjurations   | 3 |  3.2
Poison Magic   | 3 |  3.1
Summonings     | 3 |  3.1
Spellcasting   | 5 |  5.3
Transmutations | 4 7 |  7.2
Earth Magic    | 4 7 |  7.1

Action                   |  1- 3 |  4- 6 |  7- 9 | 10-12 | 13-15 | 16-18 | 19-21 | 22-24 | 25-27 || total
-------------------------+-------+-------+-------+-------+-------+-------+-------+-------+-------++-------
Melee: Flail             |    83 |   283 |       |       |       |       |       |       |       ||   366
       Morningstar       |       |     7 |   401 |  1030 |  1552 |  1866 |  1803 |   950 |       ||  7609
       Headbutt          |       |       |    13 |   227 |   364 |   474 |   707 |   680 |   103 ||  2568
       Eveningstar       |       |       |       |       |       |       |   797 |   407 |       ||  1204
       Demon whip        |       |       |       |       |       |       |       |   489 |   262 ||   751
Throw: Javelin           |       |     1 |     8 |       |       |       |       |     4 |       ||    13
       Tomahawk          |       |       |     3 |       |       |       |       |       |       ||     3
       Throwing net      |       |       |       |     1 |       |     1 |     1 |    11 |       ||    14
 Cast: Blink             |       |       |       |       |     8 |    13 |    21 |    25 |       ||    67
       Repel Missiles    |       |       |       |       |     1 |     6 |    10 |     8 |     3 ||    28
Invok: Curse Item        |       |       |     2 |     4 |     2 |     2 |     2 |     3 |       ||    15
       Scrying           |       |       |       |     1 |       |       |     2 |     4 |       ||     7
 Abil: Fly               |       |       |       |     1 |     5 |     3 |     3 |       |       ||    12
       Stop Flying       |       |       |       |     1 |     1 |     1 |     3 |       |       ||     6
Evoke: Wand              |       |       |       |     6 |     8 |    22 |    25 |    29 |     5 ||    95
       Phantom mirror    |       |       |       |       |       |       |       |     1 |       ||     1
  Use: Scroll            |     4 |     2 |     9 |     8 |    13 |    18 |    16 |    27 |     3 ||   100
       Potion            |       |     1 |     4 |     5 |     6 |    15 |     5 |    13 |       ||    49
 Stab: Held in net/web   |       |       |       |     1 |       |       |       |     6 |       ||     7
       Sleeping          |       |       |       |     6 |    19 |    11 |    32 |    11 |       ||    79
       Petrified         |       |       |       |       |     1 |       |       |     1 |       ||     2
       Distracted        |       |       |       |       |     4 |     3 |     3 |     7 |       ||    17
       Invisible         |       |       |       |       |       |       |    11 |       |       ||    11
       Petrifying        |       |       |       |       |       |       |       |     1 |       ||     1
  Eat: Chunk             |       |     8 |     4 |    12 |     9 |     5 |    13 |     3 |       ||    54
       Royal jelly       |       |       |     1 |     1 |     7 |    10 |       |     3 |       ||    22
       Beef jerky        |       |       |     3 |     9 |     1 |     1 |     1 |     3 |       ||    18
       Bread ration      |       |       |       |     1 |       |     2 |     6 |     5 |       ||    14
       Pizza             |       |       |       |     1 |     2 |     2 |       |     1 |       ||     6
       Fruit             |       |       |       |       |     4 |       |     5 |       |       ||     9
Armor: Scale mail        |    43 |   148 |   216 |   142 |       |       |       |       |       ||   549
       Leather armour    |       |       |       |   171 |   530 |   283 |       |       |       ||   984
       Chain mail        |       |       |       |       |       |   509 |  1589 |   912 |   168 ||  3178
Dodge: Dodged            |    23 |    76 |   130 |   371 |   653 |   770 |  1436 |  1063 |   143 ||  4665
       Deflected         |       |       |       |       |     1 |    15 |    29 |    26 |    11 ||    82
Block: Shield            |    32 |   153 |   225 |   523 |   886 |  1220 |  2175 |  1869 |   233 ||  7316
       Reflection        |       |       |       |       |       |    37 |    54 |    86 |    27 ||   204
